 Dungeon Crawl Stone Soup version 0.30-a0-629-gd54f4be4f7 (webtiles) character file.

Game seed: 6300726052753222331

133 kae the Insei (level 4, 0/48 HPs)
             Began as a Demonspawn Transmuter on Jan 12, 2023.
             Slain by Natasha (9 damage)
             ... on level 2 of the Dungeon.
             The game lasted 00:01:54 (1388 turns).

kae the Insei (Demonspawn Transmuter)               Turns: 1388, Time: 00:01:54

Health: 0/48       AC:  2    Str: 10    XL:     4   Next: 94%
Magic:  2/8        EV: 19    Int: 16    God:
Gold:   50         SH:  0    Dex: 19    Spells: 2/8 levels left

rFire   . . .      SeeInvis .      - Unarmed
rCold   . . .      Faith    .    (shield currently unavailable)
rNeg    . . .      Spirit   .    (body armour currently unavailable)
rPois   x          Reflect  .    (helmet currently unavailable)
rElec   .          Harm     .    (cloak currently unavailable)
rCorr   .          Rampage  .    (gloves currently unavailable)
Will    .....                    (boots currently unavailable) Stlth
                                 (no amulet)
HPRegen 0.28/turn                Z - ring of wizardry
MPRegen 0.11/turn                (no ring)

@: berserking (expiring), spider-form, very quick
A: venomous fangs, tiny, demonic guardian 1, (weakness stinger 1)
a: End Transformation


You were on level 2 of the Dungeon.
You were a venomous arachnid creature.
You visited 1 branch of the dungeon, and saw 2 of its levels.

You collected 50 gold pieces.


Innate Abilities, Weirdness & Mutations

You are a venomous arachnid creature.
You have venomous fangs.
You are tiny and dextrous.
Your spellcasting is less reliable in this form.
Your armour is entirely melded.
You are incapable of wielding weapons or throwing items.
A weak demonic guardian rushes to your aid.
((You have a small tail.))


   Skills:
 - Level 1.0 Fighting
 - Level 1.7 Dodging
 + Level 3.3 Unarmed Combat
 + Level 2.7 Spellcasting
 * Level 3.3 Transmutations
 - Level 1.6 Poison Magic


You had 2 spell levels left.
You knew the following spells:

 Your Spells              Type           Power      Damage    Failure   Level
a - Beastly Appendage     Tmut           24%        N/A       6%          1
b - Wereblood             Tmut           12%        N/A       9%          2
c - Spider Form           Tmut/Pois      10%        N/A       19%         3

Your spell library contained the following spells:

 Spells                   Type           Power      Damage    Failure   Level
 Ice Form                 Ice/Tmut       7%         N/A       52%         4

Inventory:

Missiles
 d - 30 stones
 i - 6 datura-tipped darts
Armour
 a - a +0 robe (melded)
Magical Staves
 h - a staff of cold {!a}
   (You found it on level 1 of the Dungeon)
Jewellery
 C - a ring of ice
   (You found it on level 1 of the Dungeon)
 Z - a ring of wizardry (left front pincers)
   (You found it on level 2 of the Dungeon)
Scrolls
 c - a scroll of noise {unknown}
 g - a scroll of fear {unknown}
 j - 3 scrolls of identify {unknown}
Potions
 b - a potion of degeneration {unknown}
 e - a potion of haste {unknown}
 f - a potion of berserk rage {!q}

Dungeon Overview and Level Annotations

Branches:
Dungeon (2/15) Zot: 10622

Altars:

Annotations:
D:2 Natasha

#.####.)# ... #......# ... #..
#...#.## #.# ... ##..##.###.# ...
#. ##..###.#.# #.# .g# ..
#..####...######.. ...#.#
#...............5# #.#.#.#.######
#..####...####.#h##... ........#
..##.##.#.## #s#.#.##+##†#....#
.....#.###.# #.#...#...#......#
......## ##.# #.#.#.+...g.#†...#
......# .# ##)#...#...#......#
......## .###....#.##'##.#....#
.......# ..#.....)...)........#
.....#............##.#.#.#.#....#
..†).####..........<#############
.....###....##....#.###


You could see Natasha (very poisoned) and a crimson imp (summoned).


Message History

Your quasit claws the gnoll. x2
The gnoll hits your quasit with a +0 halberd!
Your quasit dies!
Your quasit disappears in a puff of smoke!
Casting: Spider Form (quite dangerous; 9% risk of failure)
Confirm with . or Enter, or press ? or * to list all spells.
The spell is quite dangerous to miscast (9% risk of failure)!
Continue anyway? [Y]es or [N]o only, please.
The spell is quite dangerous to miscast (9% risk of failure)!
Continue anyway?
You turn into a venomous arachnid creature.
Your +0 robe melds into your body. 😕 MP[-3]
You lost 3 mp, and now have 2/8 mp. 😕 HP[+1] MP[+1]
You barely miss the gnoll.
The gnoll hits you with a +0 halberd. 😕 HP[-1]
You take 1 damage, and now have 28/32 hp.
You hit the gnoll.
The gnoll is poisoned.
An endoplasm comes into view.
The gnoll barely misses you.
You hit the gnoll.
The gnoll looks as sick as possible!
Your transformation is almost over.
You kill the gnoll!
The ball python misses you. The ball python grabs you.
The ball python constricts you.
You barely miss the ball python. The ball python misses you.
The ball python constricts you. The gnoll closely misses you. 😕 HP[-1]
You take 1 damage, and now have 27/32 hp.
You escape the ball python's grasp.
The ball python attacks as you move away!
The ball python barely misses you. The ball python misses you.
The endoplasm closely misses you. The endoplasm attacks as you move away!
The endoplasm misses you. 😕 HP[+1]
The endoplasm attacks as you move away! The endoplasm barely misses you.
You hit the endoplasm.
Natasha, Servant of Life and Death comes into view.
The endoplasm closely misses you. 😕 MP[+1]
You hit the endoplasm.
You kill the endoplasm!
Natasha casts a spell at you. The magic dart hits you.
A demonic guardian appears!
The gnoll hits you from afar with a +2 heavy spear!
* * * LOW HITPOINT WARNING * * *
😨 HP[-18]
You take 18 damage, and now have 10/32 hp.
MASSIVE DAMAGE!! (PAUSE)
You swap places.
The gnoll barely misses you.
You hit the gnoll but do no damage.
The gnoll is poisoned.
Your transformation has ended.
Your +0 robe unmelds from your body. 😨 HP[+1]
You hit the gnoll. You tail-slap the gnoll.
Natasha wildly gestures.
You feel disoriented.
Natasha casts a spell.
The gnoll closely misses you.
Unknown command.
You hit the gnoll.
You kill the gnoll!
Casting: Spider Form (quite dangerous; 9% risk of failure)
Confirm with . or Enter, or press ? or * to list all spells.
The spell is quite dangerous to miscast (9% risk of failure)!
Continue anyway? [Y]es or [N]o only, please.
The spell is quite dangerous to miscast (9% risk of failure)!
Continue anyway?
You turn into a venomous arachnid creature.
Your +0 robe melds into your body.
The ball python bites you.
* * * LOW HITPOINT WARNING * * *
The ball python grabs you. The ball python constricts you.
* * * LOW HITPOINT WARNING * * *
Natasha stares at you and mumbles some strange words.
The magic dart hits your ufetubus!
Your ufetubus dies!
Your ufetubus disappears in a puff of smoke!
You hit the ball python.
You kill the ball python!
Natasha mumbles some strange words. 😨 HP[-2] MP[-3]
You take 2 damage, and now have 9/32 hp.
You lost 3 mp, and now have 1/8 mp.
It was a potion of berserk rage.
A red film seems to cover your vision as you go berserk!
You feel yourself moving faster!
You feel mighty! 😨 HP[+4]
You now have 48 max hp (+16).
You regained 4 hp, and now have 13/48 hp.
You feel a strong urge to attack something.
Natasha casts a spell at you. The magic dart hits you.
* * * LOW HITPOINT WARNING * * *
😱 HP[-4]
You take 4 damage, and now have 9/48 hp. 😱 MP[+1]
You hit Natasha.
Natasha is poisoned.
Natasha misses you.
You barely miss Natasha. Natasha claws you!
You die...

Skill      XL: |  1  2  3  4 |
---------------+-------------+-----
Transmutations | 2 3 |  3.3
Unarmed Combat | 3 |  3.3
Poison Magic   | 1 |  1.6
Fighting       | |  1.0
Dodging        | |  1.7
Spellcasting   | |  2.7

Action                   |  1- 3 |  4- 6 || total
-------------------------+-------+-------++-------
Melee: Unarmed           |   120 |    45 ||   165
       Kick              |    21 |     3 ||    24
       Headbutt          |     4 |       ||     4
       Punch             |     1 |       ||     1
       Tailslap          |       |     8 ||     8
 Cast: Beastly Appendage |    20 |     2 ||    22
       Spider Form       |     2 |     4 ||     6
  Use: Potion            |     3 |     1 ||     4
Armor: Robe              |    27 |     2 ||    29
       Skin              |     1 |     2 ||     3
Dodge: Dodged            |   118 |    35 ||   153

Levels and vault maps discovered:
D:1:      minmay_arrival_stair_chambers, layout_basic,
          shapermc_ecumenical_altar_pompeii, roderic_lattice_a
D:2:      layout_rooms, minmay_misc_feat_doors, hex_intersection, uniq_natasha,
          uniq_crazy_yiuf_cottage

Notes
Turn   | Place    | Note
-------+----------+-------------------------------------------
     0 | D:1      | kae the Demonspawn Transmuter began the quest for the Orb.
     0 | D:1      | Reached XP level 1. HP: 15/15 MP: 3/3
     0 | D:1      | magus.rc [v1.11.3]
   193 | D:1      | Reached skill level 2 in Transmutations
   202 | D:1      | Gained mutation: A weak demonic guardian rushes to your
                  | aid. [demonic ancestry]
   202 | D:1      | Reached XP level 2. HP: 21/21 MP: 5/5
   292 | D:1      | Learned a level 2 spell: Wereblood
   528 | D:1      | Reached skill level 3 in Unarmed Combat
   640 | D:1      | Reached XP level 3. HP: 26/26 MP: 6/6
   644 | D:1      | Learned a level 3 spell: Spider Form
   820 | D:1      | Found a faded altar of an unknown god.
   937 | D:2      | HP: 6/26 [poisoned by an adder]
   942 | D:2      | HP: 4/39 [poisoned by an adder]
  1198 | D:2      | Reached skill level 1 in Poison Magic
  1209 | D:2      | You feel monstrous as your demonic heritage exerts itself.
  1209 | D:2      | Discovered your monstrous ancestry.
  1209 | D:2      | Gained mutation: You have a small tail. [demonic ancestry]
  1209 | D:2      | Reached XP level 4. HP: 23/32 MP: 4/7
  1328 | D:2      | Noticed Natasha
  1342 | D:2      | Killed Natasha
  1343 | D:2      | Reached skill level 3 in Transmutations
  1376 | D:2      | Noticed Natasha
  1382 | D:2      | HP: 8/32 [constriction (1)]
  1388 | D:2      | Slain by Natasha

Vanquished Creatures
  Natasha (D:2)
  2 gnolls (D:2)
  An adder (D:2)
  A dart slug (D:2)
  4 ball pythons
  3 bats
  4 endoplasms
  3 giant cockroaches
  2 goblins (D:2)
  4 hobgoblins
  11 jackals
  5 kobolds (D:1)
  4 quokkas (D:1)
  2 frilled lizards (D:1)
  4 rats (D:1)
51 creatures vanquished.

Vanquished Creatures (collateral kills)
  A gnoll (D:2)
  An adder (D:2)
  A hobgoblin (D:2)
  A ball python (D:1)
  A goblin (D:1)
5 creatures vanquished.

Grand Total: 56 creatures vanquished

Table legend:
 A = Non-vault XP
 B = Vault XP
 C = Vault XP percentage of total XP
 D = Non-vault monster count
 E = Vault monster count
 F = Vault count percentage of total count
                 A         B        C        D         E       F
            +---------+---------+-------+---------+---------+-------
      Total |     156 |      35 |  18.3 |      55 |       1 |   1.8
            +---------+---------+-------+---------+---------+-------
        D:1 |      51 |       0 |   0.0 |      31 |       0 |   0.0
        D:2 |     105 |      35 |  25.0 |      24 |       1 |   4.0
            +---------+---------+-------+---------+---------+-------

Illustrated notes

Table legend:
 A = Kills in this place as a percentage of kills in entire the game.
 B = Kills by you in this place as a percentage of kills by you in the entire game.
 C = Kills by friends in this place as a percentage of kills by friends in the entire game.
 D = Other kills in this place as a percentage of other kills in the entire game.
 E = Experience gained in this place as a percentage of experience gained in the entire game.
 F = Experience gained in this place divided by the number of levels of this place that you have seen.
                   A       B       C       D       E      F
               +-------+-------+-------+-------+-------+----------------------
         Total | 100.0 | 100.0 | 100.0 |   N/A | 100.0 |  95.5
       Dungeon | 100.0 | 100.0 | 100.0 |   N/A | 100.0 |  95.5
               +-------+-------+-------+-------+-------+----------------------

Table legend: (Time is in decaauts)
 A = Elapsed time spent in this place.
 B = Non-inter-level travel time spent in this place.
 C = Inter-level travel time spent in this place.
 D = Time resting spent in this place.
 E = Time spent auto-exploring this place.
 F = Levels seen in this place.
 G = Mean time per level.
                   A        B        C        D        E       F      G
               +--------+--------+--------+--------+--------+-----+--------+
         Total |   1376 |   1347 |     29 |     22 |    953 |   2 |  688.0 |
       Dungeon |   1376 |   1347 |     29 |     22 |    953 |   2 |  688.0 |
               +--------+--------+--------+--------+--------+-----+--------+

Top non-repeatable levels by time:
     D:1: 912 daAuts
     D:2: 464 daAuts
